[Event "FICS rated blitz game"]
[Site "FICS freechess.org"]
[FICSGamesDBGameNo "20000972"]
[White "BoomBoom"]
[Black "YoJimbo"]
[WhiteElo "1361"]
[BlackElo "1385"]
[WhiteRD "na"]
[BlackRD "na"]
[TimeControl "240+0"]
[Date "1999.06.16"]
[Time "01:06:00"]
[WhiteClock "0:04:00.000"]
[BlackClock "0:04:00.000"]
[ECO "D10"]
[PlyCount "44"]
[Result "0-1"]

1. d4 d5 2. c4 dxc4 3. Nc3 c6 4. e4 e5 5. Nf3 exd4 6. Nxd4 Nf6 7. Bxc4 Bc5 8. Be3 O-O 9. O-O Bxd4 10. Qxd4 Qe7 11. Bg5 Rd8 12. Qe3 Qe5 13. f4 Qe7 14. e5 h6 15. Bh4 Nbd7 16. Rae1 Qb4 17. Bb3 Re8 18. Qg3 Nh5 19. Qf3 Nc5 20. Qxh5 Nxb3 21. axb3 Qxb3 22. Qg4 Bxg4 {White resigns} 0-1

[Event "FICS rated blitz game"]
[Site "FICS freechess.org"]
[FICSGamesDBGameNo "20000971"]
[White "frentz"]
[Black "rwehrli"]
[WhiteElo "1739"]
[BlackElo "1822"]
[WhiteRD "na"]
[BlackRD "na"]
[TimeControl "180+0"]
[Date "1999.06.16"]
[Time "00:26:00"]
[WhiteClock "0:03:00.000"]
[BlackClock "0:03:00.000"]
[ECO "B02"]
[PlyCount "63"]
[Result "1-0"]

1. e4 Nf6 2. Nf3 Nxe4 3. Bc4 d5 4. Bb3 Nc6 5. O-O e5 6. d3 Nf6 7. Bg5 h6 8. Bh4 g5 9. Bg3 Bd6 10. Re1 Bg4 11. h3 Bh5 12. Nc3 d4 13. Nd5 Nxd5 14. Bxd5 Qd7 15. Qd2 O-O-O 16. c3 dxc3 17. bxc3 Rde8 18. Bxc6 Qxc6 19. Bxe5 Bxf3 20. Bxh8 Rxh8 21. gxf3 Qxf3 22. Qe3 Qh5 23. a4 f5 24. a5 f4 25. Qe6+ Kb8 26. a6 g4 27. axb7 Qxh3 28. Qf6 Rg8 29. Qf7 Rf8 30. Re8+ Rxe8 31. Qxe8+ Kxb7 32. Rb1+ {Black resigns} 1-0

[Event "FICS rated blitz game"]
[Site "FICS freechess.org"]
[FICSGamesDBGameNo "20000899"]
[White "NancyLovebone"]
[Black "ROOKey"]
[WhiteElo "1159"]
[BlackElo "1034"]
[WhiteRD "na"]
[BlackRD "na"]
[TimeControl "240+12"]
[Date "1999.06.15"]
[Time "21:30:00"]
[WhiteClock "0:04:00.000"]
[BlackClock "0:04:00.000"]
[ECO "B01"]
[PlyCount "105"]
[Result "1-0"]

1. e4 d5 2. exd5 Qxd5 3. Nc3 Qd8 4. Bc4 e6 5. d4 c6 6. Bf4 Nf6 7. Nf3 Bb4 8. O-O O-O 9. Bg5 Be7 10. Bxf6 Bxf6 11. Ne4 Be7 12. Re1 Nd7 13. c3 Nf6 14. Nxf6+ Bxf6 15. Qc2 g6 16. Rad1 Qc7 17. Ne5 b5 18. Bd3 Bb7 19. f4 c5 20. Bxb5 cxd4 21. Nd7 Bh4 22. g3 Rfd8 23. Rxd4 a6 24. gxh4 axb5 25. Red1 Bc6 26. Qd2 Rxa2 27. Nf6+ Kg7 28. Rxd8 Qb6+ 29. Rd4 Kxf6 30. Kf1 Bf3 31. Rd6 Qb7 32. Qd4+ Ke7 33. Rd7+ Qxd7 34. Qxd7+ Kf6 35. Qd8+ Kg7 36. Rd2 Ra1+ 37. Kf2 Bg4 38. Qg5 Bf5 39. h5 Rh1 40. hxg6 hxg6 41. Ke3 Re1+ 42. Kd4 Re4+ 43. Kc5 e5 44. fxe5 Rxe5+ 45. Rd5 Rxd5+ 46. Kxd5 Be6+ 47. Kc5 Bd7 48. Qe7 Be6 49. Kxb5 g5 50. Qxg5+ Kf8 51. h4 Bd7+ 52. Kc5 Ke8 53. Kd6 {Black resigns} 1-0

[Event "FICS rated blitz game"]
[Site "FICS freechess.org"]
[FICSGamesDBGameNo "20000898"]
[White "Fondula"]
[Black "svein"]
[WhiteElo "1080"]
[BlackElo "1222"]
[WhiteRD "na"]
[BlackRD "na"]
[TimeControl "480+10"]
[Date "1999.06.15"]
[Time "18:03:00"]
[WhiteClock "0:08:00.000"]
[BlackClock "0:08:00.000"]
[ECO "C42"]
[PlyCount "65"]
[Result "0-1"]

1. e4 e5 2. Nf3 Nf6 3. Bc4 Nxe4 4. d3 Ng5 5. Bxg5 f6 6. Be3 d5 7. Bb3 Bg4 8. h3 Bxf3 9. Qxf3 d4 10. Bd2 c6 11. O-O Qb6 12. c3 dxc3 13. Nxc3 Bc5 14. Ne4 Bb4 15. Bxb4 Qxb4 16. Qf5 Nd7 17. Qe6+ Kd8 18. Qf7 Qf8 19. Nd6 Qxd6 20. Qxg7 Kc7 21. Rad1 Qf8 22. Qg3 Nc5 23. d4 Nxb3 24. axb3 Rg8 25. Qf3 exd4 26. Rxd4 Rd8 27. Qf4+ Kc8 28. Rxd8+ Qxd8 29. Qf5+ Kb8 30. Qf4+ Ka8 31. Ra1 Qd5 32. f3 Qxb3 33. Qe3 {White resigns} 0-1

[Event "FICS rated blitz game"]
[Site "FICS freechess.org"]
[FICSGamesDBGameNo "20000897"]
[White "Asafs"]
[Black "Schassen"]
[WhiteElo "1379"]
[BlackElo "1445"]
[WhiteRD "na"]
[BlackRD "na"]
[TimeControl "300+5"]
[Date "1999.06.15"]
[Time "16:22:00"]
[WhiteClock "0:05:00.000"]
[BlackClock "0:05:00.000"]
[ECO "C00"]
[PlyCount "68"]
[Result "0-1"]

1. e4 e6 2. Nc3 c5 3. Bb5 a6 4. Bd3 Nc6 5. Nf3 Nge7 6. O-O d5 7. exd5 exd5 8. Re1 h6 9. Na4 c4 10. Bf1 Be6 11. b3 cxb3 12. axb3 Ng6 13. Bb2 d4 14. Bc4 Be7 15. Bxe6 fxe6 16. Rxe6 Nf4 17. Re4 O-O 18. Nxd4 Nxd4 19. Rxd4 Qa5 20. Qg4 Bg5 21. h4 Bf6 22. Rxf4 Bxb2 23. Rxf8+ Rxf8 24. Qe6+ Kh8 25. Rb1 Bf6 26. d3 Qc7 27. Re1 Qxc2 28. Qc4 Qd2 29. Rf1 b5 30. Qc1 Qxc1 31. Rxc1 bxa4 32. bxa4 a5 33. Rc5 Ra8 34. f4 Bd4+ {White resigns} 0-1

[Event "FICS rated blitz game"]
[Site "FICS freechess.org"]
[FICSGamesDBGameNo "20000896"]
[White "Wiehl"]
[Black "Damp"]
[WhiteElo "1871"]
[BlackElo "1928"]
[WhiteRD "na"]
[BlackRD "na"]
[TimeControl "180+0"]
[Date "1999.06.15"]
[Time "16:02:00"]
[WhiteClock "0:03:00.000"]
[BlackClock "0:03:00.000"]
[ECO "A59"]
[PlyCount "106"]
[Result "0-1"]

1. d4 Nf6 2. c4 c5 3. d5 b5 4. cxb5 a6 5. bxa6 Bxa6 6. Nc3 d6 7. e4 Bxf1 8. Kxf1 g6 9. Nge2 Bg7 10. g3 O-O 11. Kg2 Nbd7 12. Rb1 Qb6 13. b3 Ra7 14. f3 Ne8 15. Bb2 Nc7 16. Na4 Qa6 17. Bxg7 Kxg7 18. Re1 Nb5 19. Qc2 Rfa8 20. Rec1 Nb6 21. Re1 Na3 22. Qb2+ f6 23. Qxa3 Qd3 24. Qb2 Nxa4 25. bxa4 Rxa4 26. Qb3 Qd2 27. Rbd1 Qg5 28. h4 Qe5 29. Qc3 Qh5 30. Nf4 Rxa2+ 31. Kh3 Qh6 32. Ne6+ Kf7 33. Ra1 Rxa1 34. Rxa1 Rxa1 35. Qxa1 f5 36. Qa8 Kf6 37. Qf8+ Qxf8 38. Nxf8 fxe4 39. fxe4 Ke5 40. Nxh7 Kxe4 41. Nf8 c4 42. Nxg6 c3 43. Nf4 Ke3 44. Ng2+ Kf2 45. Nf4 Ke3 46. Ng2+ Kf2 47. Nf4 Ke3 48. Ng2+ Kd2 49. h5 c2 50. h6 c1=Q 51. h7 Qh1+ 52. Kg4 Qxh7 53. Nf4 Qg7+ {White resigns} 0-1

[Event "FICS rated lightning game"]
[Site "FICS freechess.org"]
[FICSGamesDBGameNo "20000895"]
[White "karpovbert"]
[Black "AngelicUpstarts"]
[WhiteElo "1939"]
[BlackElo "1839"]
[WhiteRD "na"]
[BlackRD "na"]
[TimeControl "60+0"]
[Date "1999.06.15"]
[Time "15:39:00"]
[WhiteClock "0:01:00.000"]
[BlackClock "0:01:00.000"]
[ECO "B03"]
[PlyCount "51"]
[Result "1-0"]

1. e4 Nf6 2. e5 Nd5 3. d4 d6 4. c4 Nb6 5. f4 dxe5 6. fxe5 c5 7. d5 e6 8. d6 Qh4+ 9. Ke2 f6 10. Nf3 Qh5 11. Kf2 fxe5 12. Be2 Nc6 13. Nc3 Bd7 14. Nb5 O-O-O 15. Be3 a6 16. Bxc5 axb5 17. Bxb6 bxc4 18. Bxd8 Nxd8 19. Bxc4 Nf7 20. Rc1 Kb8 21. Qb3 Nxd6 22. Bxe6 Bc6 23. Bd5 Bxd5 24. Qxd5 Be7 25. Qxe5 Rf8 26. Qxh5 {Black forfeits on time} 1-0

[Event "FICS rated blitz game"]
[Site "FICS freechess.org"]
[FICSGamesDBGameNo "20000893"]
[White "stefanetti"]
[Black "Jasiaaa"]
[WhiteElo "1880"]
[BlackElo "1954"]
[WhiteRD "na"]
[BlackRD "na"]
[TimeControl "180+0"]
[Date "1999.06.15"]
[Time "13:59:00"]
[WhiteClock "0:03:00.000"]
[BlackClock "0:03:00.000"]
[ECO "D03"]
[PlyCount "77"]
[Result "1-0"]

1. d4 d5 2. Nf3 Nf6 3. Bg5 Nbd7 4. e3 e6 5. Bd3 c5 6. c3 Qb6 7. Qb3 c4 8. Qxb6 axb6 9. Bc2 Be7 10. Nbd2 b5 11. a3 Nb6 12. O-O O-O 13. Rfe1 h6 14. Bh4 Na4 15. Rab1 Bxa3 16. Bxa4 Bxb2 17. Rxb2 bxa4 18. Ra1 a3 19. Rba2 Bd7 20. Rxa3 Rxa3 21. Rxa3 b5 22. Ne5 g5 23. Bg3 Kg7 24. Nxd7 Nxd7 25. Ra7 Nb6 26. Be5+ Kg6 27. Bd6 Re8 28. Bc5 Na4 29. Bb4 f5 30. Nf3 g4 31. Ne5+ Kh5 32. Nd7 Nb2 33. Nf6+ Kg6 34. Nxe8 Nd1 35. Rg7+ Kh5 36. Nf6+ Kh4 37. g3+ Kh3 38. Nh5 Nxe3 39. Nf4# {Black checkmated} 1-0

[Event "FICS rated blitz game"]
[Site "FICS freechess.org"]
[FICSGamesDBGameNo "20000892"]
[White "demokrit"]
[Black "Veblen"]
[WhiteElo "1384"]
[BlackElo "1440"]
[WhiteRD "na"]
[BlackRD "na"]
[TimeControl "180+12"]
[Date "1999.06.15"]
[Time "13:26:00"]
[WhiteClock "0:03:00.000"]
[BlackClock "0:03:00.000"]
[ECO "A56"]
[PlyCount "201"]
[Result "1-0"]

1. d4 Nf6 2. c4 c5 3. e3 cxd4 4. exd4 d6 5. Nf3 g6 6. Be2 Bg7 7. O-O O-O 8. Bf4 Nc6 9. Nc3 Bf5 10. a3 a5 11. d5 Na7 12. Qd2 Ne4 13. Qe3 Nxc3 14. bxc3 Nc8 15. Bh6 Nb6 16. Bxg7 Kxg7 17. Qd4+ Kg8 18. Nh4 Bc2 19. Rfc1 Bb3 20. Rab1 a4 21. Nf3 Nd7 22. Nd2 Nc5 23. h4 Qc7 24. Qg4 f5 25. Qg5 Kg7 26. h5 Rf6 27. g3 h6 28. Qe3 g5 29. Bd1 Kh7 30. Nxb3 Nxb3 31. Bxb3 axb3 32. Rxb3 f4 33. Qe4+ Kh8 34. Re1 fxg3 35. fxg3 Raf8 36. Reb1 g4 37. Rxb7 Rf1+ 38. Rxf1 Rxf1+ 39. Kxf1 Qxb7 40. Qg6 Qa7 41. Qxh6+ Kg8 42. Qg6+ Kf8 43. h6 Qxa3 44. Qf5+ Ke8 45. h7 Qc1+ 46. Kf2 Qd2+ 47. Kg1 Qe1+ 48. Kg2 Qe2+ 49. Qf2 Qe4+ 50. Kg1 Qb1+ 51. Qf1 Qxh7 52. Qe2 Qb1+ 53. Kg2 Qb6 54. Qxg4 Qb2+ 55. Kh3 Qxc3 56. Qc8+ Kf7 57. Qf5+ Ke8 58. Qg6+ Kd8 59. Qg8+ Kd7 60. Qe6+ Kd8 61. Qe4 Qh8+ 62. Kg2 Qb2+ 63. Kf3 Qc3+ 64. Kf4 Qf6+ 65. Ke3 Qg5+ 66. Qf4 Qg7 67. Kd3 Qg6+ 68. Kc3 Qb1 69. g4 Qa1+ 70. Kd3 Qa3+ 71. Ke2 Qb2+ 72. Qd2 Qe5+ 73. Qe3 Qh2+ 74. Qf2 Qe5+ 75. Kd3 Qg5 76. Qd4 Qh4 77. Qe4 Qh3+ 78. Kc2 Qh2+ 79. Kc3 Qg3+ 80. Kd2 Qf2+ 81. Qe2 Qd4+ 82. Kc2 Qa1 83. g5 Qa2+ 84. Kd3 Qb3+ 85. Ke4 Qb1+ 86. Kf4 Qc1+ 87. Kg4 Qg1+ 88. Kf5 Qb1+ 89. Qe4 Qf1+ 90. Qf4 Qb1+ 91. Kg4 Qg1+ 92. Kh5 Qh1+ 93. Kg6 Qb1+ 94. Kg7 Qb2+ 95. Kh7 Qc2+ 96. g6 Kd7 97. Kh6 Qc3 98. g7 Qh3+ 99. Kg6 Qg2+ 100. Qg5 Qc2+ 101. Qf5+ {Black resigns} 1-0

[Event "FICS rated lightning game"]
[Site "FICS freechess.org"]
[FICSGamesDBGameNo "20000891"]
[White "Dioslaki"]
[Black "BobbyGee"]
[WhiteElo "1627"]
[BlackElo "1278"]
[WhiteRD "na"]
[BlackRD "na"]
[TimeControl "120+0"]
[Date "1999.06.15"]
[Time "12:09:00"]
[WhiteClock "0:02:00.000"]
[BlackClock "0:02:00.000"]
[ECO "C52"]
[PlyCount "31"]
[Result "1-0"]

1. e4 e5 2. Nf3 Nc6 3. Bc4 Bc5 4. b4 Bxb4 5. c3 Ba5 6. d4 exd4 7. Nxd4 Ne5 8. Qb3 Nxc4 9. Qxc4 Nf6 10. e5 Ng4 11. Ba3 Qg5 12. Nf3 Qh5 13. Qc5 d6 14. Qxa5 O-O 15. Qxc7 Qxe5+ 16. Nxe5 {Black resigns} 1-0

[Event "FICS rated blitz game"]
[Site "FICS freechess.org"]
[FICSGamesDBGameNo "20000890"]
[White "anttil"]
[Black "KingT"]
[WhiteElo "2153"]
[BlackElo "2073"]
[WhiteRD "na"]
[BlackRD "na"]
[TimeControl "180+0"]
[Date "1999.06.15"]
[Time "11:25:00"]
[WhiteClock "0:03:00.000"]
[BlackClock "0:03:00.000"]
[ECO "B01"]
[PlyCount "20"]
[Result "0-1"]

1. e4 d5 2. exd5 Qxd5 3. Nc3 Qa5 4. g3 Nf6 5. Bg2 Nc6 6. Nge2 Bg4 7. O-O h5 8. a3 h4 9. b4 Qh5 10. Bxc6+ bxc6 {White resigns} 0-1

[Event "FICS rated lightning game"]
[Site "FICS freechess.org"]
[FICSGamesDBGameNo "20000888"]
[White "Rambocombo"]
[Black "sportsfreund"]
[WhiteElo "1940"]
[BlackElo "1903"]
[WhiteRD "na"]
[BlackRD "na"]
[TimeControl "60+0"]
[Date "1999.06.15"]
[Time "11:00:00"]
[WhiteClock "0:01:00.000"]
[BlackClock "0:01:00.000"]
[ECO "A40"]
[PlyCount "62"]
[Result "0-1"]

1. d4 e5 2. e3 e4 3. c3 d5 4. Nd2 c6 5. c4 f5 6. b3 Nf6 7. Bb2 Bb4 8. a3 Ba5 9. Rc1 O-O 10. Nh3 Be6 11. Be2 h6 12. O-O Bc7 13. f4 exf3 14. gxf3 Qe7 15. Rc3 Bf7 16. Bc1 Nbd7 17. Qc2 Rae8 18. Qxf5 Be6 19. Qxe6+ Qxe6 20. Nf2 Kh8 21. Kh1 Nb6 22. Nb1 dxc4 23. bxc4 Na4 24. Rb3 Qd6 25. f4 b5 26. cxb5 cxb5 27. Bxb5 Qd5+ 28. e4 Rb8 29. Bxa4 Nxe4 30. Rxb8 Nxf2+ 31. Kg1 Nh3# {White checkmated} 0-1

[Event "FICS rated lightning game"]
[Site "FICS freechess.org"]
[FICSGamesDBGameNo "20000886"]
[White "donfelder"]
[Black "Kabal"]
[WhiteElo "1723"]
[BlackElo "1680"]
[WhiteRD "na"]
[BlackRD "na"]
[TimeControl "120+0"]
[Date "1999.06.15"]
[Time "07:26:00"]
[WhiteClock "0:02:00.000"]
[BlackClock "0:02:00.000"]
[ECO "C14"]
[PlyCount "65"]
[Result "1-0"]

1. e4 e6 2. d4 d5 3. Nc3 Nf6 4. Bg5 Be7 5. e5 Nfd7 6. Bxe7 Qxe7 7. Bd3 O-O 8. Nf3 f6 9. O-O Nc6 10. exf6 Nxf6 11. Re1 Bd7 12. Ne2 Rae8 13. Nf4 Qd6 14. Ne5 Ne4 15. Bxe4 Rxf4 16. Nxd7 dxe4 17. Ne5 Nxe5 18. dxe5 Qxe5 19. Qd2 Rff8 20. Re3 Rd8 21. Qe2 Rd4 22. Re1 Rfd8 23. h3 c5 24. g3 Rd2 25. Qg4 Rxc2 26. Rxe4 Qf6 27. Rf4 Qe7 28. Rxe6 Rd1+ 29. Kg2 Qd8 30. Rfe4 h6 31. Re8+ Qxe8 32. Rxe8+ Kf7 33. Qe6# {Black checkmated} 1-0

[Event "FICS rated blitz game"]
[Site "FICS freechess.org"]
[FICSGamesDBGameNo "20000885"]
[White "efire"]
[Black "SHamayon"]
[WhiteElo "1199"]
[BlackElo "988"]
[WhiteRD "na"]
[BlackRD "na"]
[TimeControl "180+5"]
[Date "1999.06.15"]
[Time "06:45:00"]
[WhiteClock "0:03:00.000"]
[BlackClock "0:03:00.000"]
[ECO "C50"]
[PlyCount "63"]
[Result "1-0"]

1. e4 e5 2. Nf3 Nc6 3. Bc4 h6 4. Nc3 Nf6 5. d3 Bc5 6. Be3 Ng4 7. Bxc5 Na5 8. Nd2 d6 9. Bb4 Nxc4 10. Nxc4 Qf6 11. Qe2 O-O 12. Nd5 Qh4 13. h3 c6 14. Nc7 Rb8 15. O-O-O Nf6 16. Bxd6 Rd8 17. Bxe5 b5 18. Bxf6 gxf6 19. Na5 Be6 20. Nxc6 Rd6 21. Nxb8 f5 22. Nxe6 Qf6 23. Nf4 Qd8 24. Na6 Qa5 25. g4 Qxa2 26. gxf5 Rxa6 27. Qg4+ Kf8 28. Ng6+ Ke8 29. Qh4 Qa1+ 30. Kd2 Qa5+ 31. Ke2 b4 32. Qe7# {Black checkmated} 1-0

[Event "FICS rated blitz game"]
[Site "FICS freechess.org"]
[FICSGamesDBGameNo "20000884"]
[White "Calx"]
[Black "mrcdog"]
[WhiteElo "1543"]
[BlackElo "1534"]
[WhiteRD "na"]
[BlackRD "na"]
[TimeControl "180+0"]
[Date "1999.06.14"]
[Time "20:44:00"]
[WhiteClock "0:03:00.000"]
[BlackClock "0:03:00.000"]
[ECO "A00"]
[PlyCount "84"]
[Result "0-1"]

1. e3 c5 2. b3 Nc6 3. Bb2 Nf6 4. Nf3 g6 5. Bc4 Bg7 6. Ng5 e6 7. O-O d5 8. Bb5 O-O 9. Nc3 a6 10. Bxc6 bxc6 11. Nf3 Ne4 12. Rb1 Nd6 13. d4 cxd4 14. Nxd4 c5 15. Nc6 Qc7 16. Nxd5 exd5 17. Bxg7 Kxg7 18. Qxd5 Be6 19. Qe5+ Kg8 20. Rfd1 Nb5 21. Qxc5 Rac8 22. a4 Na7 23. Ne7+ Kg7 24. Qd4+ f6 25. Nxc8 Rxc8 26. Rbc1 Nc6 27. Qb2 Ne5 28. c4 Rd8 29. Rxd8 Qxd8 30. Qc3 Qd3 31. Qxd3 Nxd3 32. Rd1 Nc5 33. Rd6 Bf5 34. b4 Nxa4 35. Rxa6 Nb2 36. b5 Nxc4 37. b6 Be4 38. Ra4 Nd6 39. Rd4 Nb5 40. Rxe4 Nc3 41. Rb4 Nd5 42. b7 Nxb4 {White forfeits on time} 0-1

[Event "FICS rated blitz game"]
[Site "FICS freechess.org"]
[FICSGamesDBGameNo "20000883"]
[White "yfan"]
[Black "Wlad"]
[WhiteElo "1583"]
[BlackElo "1598"]
[WhiteRD "na"]
[BlackRD "na"]
[TimeControl "180+0"]
[Date "1999.06.14"]
[Time "20:22:00"]
[WhiteClock "0:03:00.000"]
[BlackClock "0:03:00.000"]
[ECO "E70"]
[PlyCount "63"]
[Result "1-0"]

1. d4 Nf6 2. c4 g6 3. Nc3 Bg7 4. e4 d6 5. Nge2 O-O 6. Ng3 Nc6 7. d5 Ne5 8. h3 c5 9. f4 Ned7 10. f5 a6 11. Bf4 Ne5 12. Be2 Nfd7 13. O-O Rb8 14. Qd2 b5 15. cxb5 axb5 16. Nxb5 c4 17. a4 Nc5 18. Nc3 Nb3 19. Qe3 Nxa1 20. Rxa1 Rxb2 21. a5 Ba6 22. Na4 Rb3 23. Qa7 Qxa5 24. Qxe7 Nd3 25. Bxd6 Rfb8 26. fxg6 Rb1+ 27. Rxb1 Rxb1+ 28. Kh2 hxg6 29. Qe8+ Kh7 30. Qxf7 Qe1 31. Bf8 Qh1+ 32. Nxh1 {Black resigns} 1-0

[Event "FICS rated lightning game"]
[Site "FICS freechess.org"]
[FICSGamesDBGameNo "20000881"]
[White "oltec"]
[Black "alexki"]
[WhiteElo "1819"]
[BlackElo "1736"]
[WhiteRD "na"]
[BlackRD "na"]
[TimeControl "60+0"]
[Date "1999.06.14"]
[Time "13:21:00"]
[WhiteClock "0:01:00.000"]
[BlackClock "0:01:00.000"]
[ECO "D00"]
[PlyCount "93"]
[Result "1-0"]

1. d4 d5 2. c3 Nc6 3. Nf3 Nf6 4. Bf4 Bg4 5. e3 e6 6. Be2 Bd6 7. O-O Bxf4 8. exf4 h6 9. Ne5 Bxe2 10. Qxe2 O-O 11. Nd2 Ne4 12. Nxe4 Nxe5 13. fxe5 dxe4 14. Qxe4 Qd5 15. Qxd5 exd5 16. f4 Rac8 17. f5 c5 18. dxc5 Rxc5 19. f6 g6 20. Rad1 Rd8 21. Rf2 b6 22. Rfd2 Ra5 23. b4 Ra6 24. Kf2 Kf8 25. Kf3 Ke8 26. Rxd5 Rxd5 27. Rxd5 Rxa2 28. Rd3 Ra3 29. Ke4 a5 30. bxa5 Rxa5 31. Rh3 h5 32. Rd3 Rc5 33. h3 Rc7 34. g4 Rd7 35. gxh5 gxh5 36. Rxd7 Kxd7 37. Kd5 Kc7 38. e6 fxe6+ 39. Kxe6 Kd8 40. f7 Kc7 41. f8=Q Kc6 42. Qd6+ Kb5 43. Qd4 Ka5 44. Qh4 b5 45. Qxh5 Ka4 46. Qc5 b4 47. Qxb4# {Black checkmated} 1-0

[Event "FICS rated blitz game"]
[Site "FICS freechess.org"]
[FICSGamesDBGameNo "20000880"]
[White "amrie"]
[Black "eksiil"]
[WhiteElo "1623"]
[BlackElo "1676"]
[WhiteRD "na"]
[BlackRD "na"]
[TimeControl "240+0"]
[Date "1999.06.14"]
[Time "10:20:00"]
[WhiteClock "0:04:00.000"]
[BlackClock "0:04:00.000"]
[ECO "C47"]
[PlyCount "69"]
[Result "1-0"]

1. e4 e5 2. Nf3 Nc6 3. Bc4 Nf6 4. Nc3 Be7 5. d3 d6 6. O-O Bg4 7. Be3 O-O 8. a3 d5 9. exd5 Na5 10. Ba2 b6 11. h3 Bh5 12. g4 Bg6 13. b4 Nb7 14. Nxe5 Bd6 15. Nc6 Qd7 16. Bg5 Ne8 17. Ne4 Kh8 18. f4 f6 19. Bh4 a5 20. b5 Nc5 21. Qf3 f5 22. Ng5 fxg4 23. Qxg4 Qxg4+ 24. hxg4 Rxf4 25. Rxf4 Bxf4 26. Ne6 Bd6 27. Rf1 Kg8 28. Bg3 Bf7 29. Bxd6 Nxd6 30. Nxc7 Rc8 31. Ne6 Bxe6 32. dxe6 Re8 33. e7+ Kh8 34. Bf7 g6 35. Bxe8 {Black resigns} 1-0

[Event "FICS rated blitz game"]
[Site "FICS freechess.org"]
[FICSGamesDBGameNo "20000879"]
[White "Obsurfer"]
[Black "SLAPWA"]
[WhiteElo "1660"]
[BlackElo "1505"]
[WhiteRD "na"]
[BlackRD "na"]
[TimeControl "120+12"]
[Date "1999.06.14"]
[Time "10:05:00"]
[WhiteClock "0:02:00.000"]
[BlackClock "0:02:00.000"]
[ECO "C41"]
[PlyCount "58"]
[Result "1/2-1/2"]

1. e4 e5 2. Nf3 d6 3. d4 Nf6 4. Nc3 Nbd7 5. Bc4 Be7 6. O-O O-O 7. Re1 c6 8. a4 exd4 9. Nxd4 Ne5 10. Bb3 c5 11. Nf5 Bxf5 12. exf5 Nc6 13. Be3 Qd7 14. Qd3 Ne5 15. Qb5 Qxf5 16. Qxb7 Rfe8 17. Nd5 Nxd5 18. Qxd5 Qf6 19. Bxc5 Nf3+ 20. Qxf3 Qxf3 21. gxf3 dxc5 22. Re3 Kf8 23. Rae1 Rac8 24. c3 Bg5 25. Rxe8+ Rxe8 26. Rxe8+ Kxe8 27. Bc2 g6 28. b3 Bd2 29. c4 Ke7 {Game drawn by mutual agreement} 1/2-1/2

[Event "FICS rated blitz game"]
[Site "FICS freechess.org"]
[FICSGamesDBGameNo "20000878"]
[White "KRAL"]
[Black "swallow"]
[WhiteElo "1485"]
[BlackElo "1494"]
[WhiteRD "na"]
[BlackRD "na"]
[TimeControl "300+0"]
[Date "1999.06.14"]
[Time "06:40:00"]
[WhiteClock "0:05:00.000"]
[BlackClock "0:05:00.000"]
[ECO "A56"]
[PlyCount "24"]
[Result "0-1"]

1. d4 Nf6 2. c4 c5 3. d5 g6 4. Nc3 Bg7 5. Bg5 O-O 6. Nf3 d6 7. e3 e6 8. Be2 exd5 9. Nxd5 Qa5+ 10. Nc3 Ne4 11. Qc2 Nxc3 12. bxc3 Qxc3+ {White resigns} 0-1

[Event "FICS rated blitz game"]
[Site "FICS freechess.org"]
[FICSGamesDBGameNo "20000876"]
[White "pim"]
[Black "MentalSlave"]
[WhiteElo "1892"]
[BlackElo "1670"]
[WhiteRD "na"]
[BlackRD "na"]
[TimeControl "180+0"]
[Date "1999.06.14"]
[Time "05:07:00"]
[WhiteClock "0:03:00.000"]
[BlackClock "0:03:00.000"]
[ECO "E07"]
[PlyCount "51"]
[Result "1-0"]

1. d4 c6 2. Nf3 d5 3. c4 e6 4. g3 Nf6 5. Bg2 Be7 6. O-O O-O 7. Nc3 Nbd7 8. b3 b6 9. Bb2 Bb7 10. Nd2 Qc7 11. e4 dxe4 12. Ndxe4 Rad8 13. Rc1 e5 14. d5 cxd5 15. cxd5 Nxe4 16. Nxe4 Qb8 17. d6 Bf6 18. Nxf6+ gxf6 19. Bxb7 Qxb7 20. Qg4+ Kh8 21. Rfd1 Nc5 22. b4 Ne4 23. Qf5 Nxd6 24. Qxf6+ Kg8 25. Bxe5 Nf5 26. Qh8# {Black checkmated} 1-0

[Event "FICS rated blitz game"]
[Site "FICS freechess.org"]
[FICSGamesDBGameNo "20000875"]
[White "lethalgambit"]
[Black "guy"]
[WhiteElo "1736"]
[BlackElo "1658"]
[WhiteRD "na"]
[BlackRD "na"]
[TimeControl "180+12"]
[Date "1999.06.14"]
[Time "03:54:00"]
[WhiteClock "0:03:00.000"]
[BlackClock "0:03:00.000"]
[ECO "A80"]
[PlyCount "55"]
[Result "1-0"]

1. d4 f5 2. Nc3 d5 3. Nf3 g6 4. Bf4 Bg7 5. Be5 Nf6 6. e3 c6 7. Bd3 Nbd7 8. Qe2 O-O 9. h4 h6 10. O-O-O Ng4 11. Bxg7 Kxg7 12. h5 g5 13. Kb1 e5 14. dxe5 Ndxe5 15. Nxe5 Nxe5 16. f3 b5 17. e4 b4 18. Na4 Nxd3 19. Qxd3 Qa5 20. b3 fxe4 21. fxe4 Ba6 22. Qd4+ Kh7 23. Qe5 Rae8 24. Qd6 Rg8 25. exd5 Rd8 26. Qe7+ Rg7 27. Qe4+ Kh8 28. Qe6 {Black resigns} 1-0

[Event "FICS rated blitz game"]
[Site "FICS freechess.org"]
[FICSGamesDBGameNo "20000874"]
[White "Dancing"]
[Black "PlayTheGame"]
[WhiteElo "1458"]
[BlackElo "1309"]
[WhiteRD "na"]
[BlackRD "na"]
[TimeControl "120+12"]
[Date "1999.06.14"]
[Time "03:29:00"]
[WhiteClock "0:02:00.000"]
[BlackClock "0:02:00.000"]
[ECO "C40"]
[PlyCount "105"]
[Result "1-0"]

1. e4 e5 2. Nf3 Bc5 3. c3 Nf6 4. d3 h6 5. h3 d6 6. Be2 Be6 7. O-O Qd7 8. Be3 Nh5 9. Bxc5 dxc5 10. Nxe5 Qd6 11. Nxf7 Bxf7 12. Bxh5 Bxh5 13. Qxh5+ g6 14. Qf3 Nc6 15. Na3 a6 16. Nc4 Qe6 17. d4 cxd4 18. Nd2 dxc3 19. bxc3 O-O-O 20. Nb3 Rhf8 21. Qe3 h5 22. Nd4 Nxd4 23. cxd4 Rde8 24. Rfe1 Re7 25. d5 Qe5 26. Qa7 Rfe8 27. Rac1 Qb2 28. Qc5 Rf7 29. Rc2 Qe5 30. d6 Qxc5 31. Rxc5 Rd7 32. dxc7 Rxc7 33. Rxc7+ Kxc7 34. e5 Kd7 35. f4 Ke6 36. Kf2 Rd8 37. Re2 Rd3 38. Re3 Rd2+ 39. Re2 Rd3 40. g3 b5 41. g4 a5 42. Re3 Rd2+ 43. Re2 Rxe2+ 44. Kxe2 hxg4 45. hxg4 Kd5 46. Kd3 b4 47. Kc2 a4 48. Kd3 a3 49. Kc2 Kc5 50. Kb3 Kb5 51. f5 gxf5 52. gxf5 Kc5 53. f6 {Black resigns} 1-0

[Event "FICS rated blitz game"]
[Site "FICS freechess.org"]
[FICSGamesDBGameNo "20000873"]
[White "friedl"]
[Black "filimonz"]
[WhiteElo "1360"]
[BlackElo "1463"]
[WhiteRD "na"]
[BlackRD "na"]
[TimeControl "300+0"]
[Date "1999.06.14"]
[Time "02:36:00"]
[WhiteClock "0:05:00.000"]
[BlackClock "0:05:00.000"]
[ECO "D04"]
[PlyCount "110"]
[Result "0-1"]

1. d4 Nf6 2. Nf3 d5 3. e3 Bf5 4. Bd3 Be4 5. b3 e6 6. Bb2 Bb4+ 7. Nbd2 c5 8. a3 Ba5 9. Qe2 Nbd7 10. O-O Bxd3 11. Qxd3 O-O 12. Rfe1 Bc7 13. dxc5 Nxc5 14. Qc3 Nfe4 15. Qb4 b6 16. a4 a5 17. Qa3 Bd6 18. Bd4 Nd3 19. Qa2 Nxe1 20. Rxe1 Nxd2 21. Nxd2 Bc5 22. Nf3 Bxd4 23. Nxd4 Qd6 24. Nb5 Qe5 25. Qa3 Rfd8 26. Rd1 Rd7 27. Nd4 Rc8 28. Qc1 Qf6 29. c4 e5 30. Nb5 d4 31. exd4 exd4 32. Qd2 d3 33. Nc3 Qg6 34. f3 Rd4 35. Ne4 Rcd8 36. Nf2 Qh6 37. Qxh6 gxh6 38. Ne4 d2 39. Nf2 f5 40. Kf1 Re8 41. h3 Kf7 42. g4 Kf6 43. gxf5 Kxf5 44. Ne4 Rexe4 45. fxe4+ Kxe4 46. Ke2 Rd3 47. Rxd2 Rxb3 48. Rd6 Rb4 49. Rxh6 Kd4 50. Rxh7 Kxc4 51. Rh4+ Kb3 52. Rxb4+ axb4 53. Kd2 Ka2 54. h4 b3 55. h5 b2 {White resigns} 0-1